 Dungeon Crawl Stone Soup version bcrawl-1.41.1 (webtiles) character file.

Game seed: 10755493417378340089

383835 Grimmash the Basher (level 10, -4/110 HPs)
             Began as an Ent Archaeologist on Apr 20, 2024.
             Was a Believer of Cheibriados.
             Killed from afar by Harold (24 damage)
             ... with a bolt of fire
             ... on level 8 of the Dungeon.
             The game lasted 00:12:41 (7654 turns).

Grimmash the Basher (Ent Archaeologist)             Turns: 7654, Time: 00:12:42

Health: -4/110     AC: 14    Str: 33    XL:     10   Next: 78%
Magic:  19/19      EV: 13    Int: 23    God:    Cheibriados [**....]
Gold:   484        SH:  6    Dex: 13    Spells: 21/21 levels left

rFire    . . .     GDR:     33% a - +0 war axe
rCold    . . .     SeeInvis .   (no shield)
rNeg     + + +     Gourm    .   (armour unavailable)
rPois    +         Faith    .   c - +1 hat
rElec    .         Spirit   .   (no cloak)
rCorr    .         Reflect  +   (gloves unavailable)
MR       +....     Clarity  +   (boots unavailable)
Stlth    +++.......             H - +6 amulet of reflection (curse)
HPRegen  0.28/turn              f - ring of Mistrust {Str+9 Slay+5}
MPRegen  0.16/turn              (no ring)

@: about to teleport, corroded, very slow
A: large, slow actions, passwall, strong branches, negative energy resistance 3,
poison resistance, slow metabolism 1, torment resistance, unbreathing, AC +17
a: Passwall, Bend Time, Defer, Renounce Religion


You were on level 8 of the Dungeon.
You worshipped Cheibriados.
Cheibriados was pleased with you.
You were hungry.

You visited 2 branches of the dungeon, and saw 9 of its levels.

You collected 484 gold pieces.

Inventory:

Hand Weapons
 a - a +0 war axe (weapon)
 b - a +1 hunting sling of velocity
 y - a +0 flail
 C - a +0 blowgun
Missiles
 r - 1156 stones (quivered)
 D - 473 sling bullets
 G - 138 poisoned needles
 K - 38 large rocks
 L - 53 poisoned tomahawks
 M - 2 throwing nets {=f}
Armour
 c - a +1 hat (worn)
Jewellery
 f - the ring of Mistrust (left hand) {Str+9 Slay+5}
   (You acquired it on level 2 of the Dungeon)

   [ring of slaying]

   It affects your strength (+9).
   It affects your accuracy and damage with ranged weapons and melee attacks
   (+5).
 E - a cursed ring of ice
 H - a cursed +6 amulet of reflection (around neck)
Wands
 d - a wand of flame (40)
 x - a wand of polymorph (24)
Scrolls
 g - 2 scrolls of revelation
 h - 10 scrolls of remove curse
 i - 5 scrolls of identify
 j - a scroll of fog {unknown}
 l - 2 scrolls of noise {unknown}
 n - a scroll of fear {unknown}
 p - 2 scrolls of blinking {unknown}
 q - 4 scrolls of enchant armour {unknown}
 s - 4 scrolls of teleportation
 u - 3 scrolls of enchant weapon {unknown}
 w - a scroll of immolation {unknown}
Potions
 k - 2 potions of lignification
 m - 2 potions of curing
 o - 3 potions of haste
 t - a potion of heal wounds
 v - 2 potions of magic {unknown}
 z - a potion of flight {unknown}
 A - a potion of berserk rage {unknown}
 B - a potion of cancellation {unknown}
 F - a potion of agility {unknown}
 J - a potion of might {unknown}
Comestibles
 e - 17 rations {!d}


   Skills:
 * Level 7.0 Fighting
 * Level 4.3(5.5) Axes
 * Level 8.1(9.3) Maces & Flails
 + Level 6.3(6.4) Slings
 + Level 1.0(4.0) Throwing
 * Level 6.9 Dodging
 + Level 4.5 Stealth
 * Level 6.0 Spellcasting
 * Level 2.9 Invocations


You had 21 spell levels left.
You didn't know any spells.
Your spell library contained the following spells:

 Spells                   Type           Power        Failure   Level  Hunger
 Ensorcelled Hibernation  Hex/Ice        #.....       13%         2    None
 Swiftness                Chrm/Air       #.......     13%         2    None
 Lee's Rapid Deconstruct  Erth           #.........   93%         5    #####..
 Passage of Golubria      Tloc           N/A          93%         5    #####..
 Borgnjor's Vile Clutch   Necr/Erth      #.........   100%        6    #######
 Darkness                 Hex            #.........   100%        6    #######
 Infestation              Hex/Tmut/Pois  #........    100%        6    #######
 Invisibility             Hex            #.......     100%        6    #######
 Shadow Creatures         Summ           N/A          100%        7    #######
 Time Stop                Chrm/Tloc      N/A          100%        8    #######
 Passwall                 Tmut/Erth      Unusable     N/A         2    N/A

Dungeon Overview and Level Annotations

Branches:
Dungeon (8/12)             Temple (1/1) D:7            Lair (0/6) D:7
    Orc: D:8-11

Altars:
Ashenzari
Cheibriados
Dithmenos
Fedhas
Gozag
Hepliaklqana
Lugonu
Makhleb
Nemelex Xobeh
Qazlal
Ru
Trog
Vehumet
Wu Jian
Xom
Yredelemnul

Shops:
D:6 *   D:8 %

Annotations:
D:2 1 runed door
D:8 Harold


Innate Abilities, Weirdness & Mutations

You move and act slowly.
You can pass through walls and trees.
Your branches can wield two-handed weapons with a shield.
Your thick bark is tough. (AC +17)
You are too large for most types of armour.
You are immune to negative energy. (rN+++)
Your system is resistant to poisons. (rPois)
You have a slow metabolism.
You are immune to unholy pain and torment.
You can survive without breathing.


Message History

Harold gestures at you while chanting. The bolt of fire hits you!
Harold points at you and mumbles some strange words.
The bolt of fire hits you!
* * * LOW HITPOINT WARNING * * *
No path to travel!
No path to travel!
You hit Harold.
Harold is heavily wounded.
Harold barely misses you.
No path to travel!
Unknown command.
As you read the scroll of teleportation, it crumbles to dust.
You feel strangely unstable.
Harold zaps a wand.
The bolt of acid hits you.
* * * LOW HITPOINT WARNING * * *
You are splashed with acid!
* * * LOW HITPOINT WARNING * * *
Harold casts a spell at you. The bolt of fire hits you!!
You die...

########## ##
##........# #.
##...#.###.# #.
##.....## #.# #.
######.##....###.# #.
#...@@........##.# #.
......######........#
#. ..... #........#
#. .... ###....### #.
... #...## #. ..
#...# ## . #...# #
##..## # ##..## ##


You could see Harold.

Vanquished Creatures
  Psyche (D:8)
  A cyclops (D:7)
  Prince Ribbit (D:6)
  A troll (D:7)
  Grum (D:8)
  Sigmund (D:2)
  6 yaks (D:8)
  3 water moccasins
  2 ice beasts
  A phantom (D:4)
  2 orc warriors
  2 sky beasts
  5 ogres
  4 wolves (D:7)
  3 bullfrogs
  3 kobold brigands
  Blork the orc (D:4)
  A wyvern skeleton (D:6)
  2 centaurs
  5 scorpions
  An electric eel (D:7)
  A howler monkey (D:7)
  3 orc priests
  7 crimson imps
  A bullfrog zombie (D:8)
  2 bullfrog skeletons
  8 hounds
  Ijyb (D:4)
  Natasha (thrice) (D:3)
  2 iguanas
  11 orc wizards
  5 worker ants
  A killer bee zombie (D:7)
  2 worker ant zombies
  A howler monkey zombie (D:6)
  6 adders
  An ooze (D:4)
  An adder skeleton (D:5)
  3 worms
  A dart slug (D:1)
  7 leopard geckos
  19 orcs
  4 bats (D:1)
  6 giant cockroaches
  7 goblins
  4 hobgoblins
  16 jackals
  4 quokkas
  A ball python skeleton (D:4)
  3 frilled lizards
  14 kobolds
  2 quokka skeletons
  7 rats
201 creatures vanquished.

Vanquished Creatures (others)
  An orc wizard (D:4)
  4 toadstools (D:1)
5 creatures vanquished.

Grand Total: 206 creatures vanquished

Notes
Turn   | Place    | Note
-------+----------+-------------------------------------------
     0 | D:1      | Grimmash the Ent Archaeologist began the quest for the Orb.
     0 | D:1      | Reached XP level 1. HP: 21/21 MP: 1/1
    64 | D:1      | Reached XP level 2. HP: 23/29 MP: 2/2
   563 | D:1      | Reached XP level 3. HP: 9/36 MP: 3/3
  1237 | D:2      | Found a runed door.
  1433 | D:2      | Reached skill level 2 in Maces & Flails
  1531 | D:2      | Reached skill level 1 in Spellcasting
  1877 | D:2      | Noticed Sigmund
  1923 | D:2      | Killed Sigmund
  1924 | D:2      | Reached skill level 3 in Maces & Flails
  1924 | D:2      | Reached XP level 4. HP: 9/47 MP: 4/6
  1924 | D:2      | Reached XP level 5. HP: 10/54 MP: 4/7
  1924 | D:2      | Identified a scroll of acquirement
  1928 | D:2      | Identified the ring of Mistrust {Str+9 Slay+5} (You
                  | acquired it on level 2 of the Dungeon)
  2458 | D:3      | Reached skill level 4 in Maces & Flails
  2554 | D:3      | Reached XP level 6. HP: 64/64 MP: 8/8
  2684 | D:3      | Noticed Natasha
  2687 | D:3      | Killed Natasha
  2690 | D:3      | Noticed Natasha
  2701 | D:3      | Killed Natasha
  2786 | D:3      | Found a faded altar of an unknown god.
  2810 | D:3      | Noticed Natasha
  2818 | D:3      | Killed Natasha
  3191 | D:4      | Noticed a sky beast
  3202 | D:4      | Killed a sky beast
  3203 | D:4      | Reached skill level 5 in Maces & Flails
  3300 | D:4      | Reached XP level 7. HP: 72/72 MP: 10/10
  3319 | D:4      | Noticed Ijyb
  3330 | D:4      | Killed Ijyb
  3558 | D:4      | Reached skill level 1 in Axes
  3640 | D:4      | Noticed Blork the orc
  3651 | D:4      | Killed Blork the orc
  3870 | D:4      | Reached skill level 1 in Throwing
  3914 | D:4      | Reached skill level 1 in Slings
  3922 | D:4      | Reached skill level 5 in Dodging
  3922 | D:4      | Reached XP level 8. HP: 60/84 MP: 12/12
  4303 | D:5      | Entered Level 5 of the Dungeon
  4314 | D:5      | Reached skill level 6 in Maces & Flails
  4629 | D:5      | Found a shattered altar of Ashenzari.
  4977 | D:6      | Found an opulent altar of Gozag.
  4978 | D:6      | Found Gozag's Platinum Reserve.
  5131 | D:6      | Noticed Prince Ribbit
  5136 | D:6      | Killed Prince Ribbit
  5137 | D:6      | Reached XP level 9. HP: 92/92 MP: 15/15
  5585 | D:6      | Reached skill level 5 in Fighting
  5801 | D:6      | Found a blossoming altar of Fedhas.
  5938 | D:7      | Noticed a troll
  5945 | D:7      | Killed a troll
  5946 | D:7      | Reached skill level 7 in Maces & Flails
  6005 | D:7      | Reached skill level 5 in Spellcasting
  6032 | D:7      | Found a staircase to the Lair.
  6042 | D:7      | Reached skill level 5 in Slings
  6091 | D:7      | Found a staircase to the Ecumenical Temple.
  6101 | Temple   | Entered the Ecumenical Temple
  6226 | Temple   | Became a worshipper of Cheibriados the Contemplative
  6543 | D:7      | Noticed a cyclops
  6547 | D:7      | Killed a cyclops
  6548 | D:7      | Reached skill level 1 in Invocations
  6548 | D:7      | Reached XP level 10. HP: 83/105 MP: 16/18
  6636 | D:8      | Noticed Grum
  6802 | D:8      | Killed Grum
  7068 | D:8      | Reached * piety under Cheibriados
  7140 | D:8      | Noticed Psyche
  7178 | D:8      | Killed Psyche
  7267 | D:8      | Found Suref's Food Emporium.
  7330 | D:8      | Reached skill level 8 in Maces & Flails
  7450 | D:8      | Reached ** piety under Cheibriados
  7633 | D:8      | Noticed Harold
  7654 | D:8      | Killed from afar by Harold

Skill      XL: |  1  2  3  4  5  6  7  8  9 10 |
---------------+-------------------------------+-----
Dodging        | 3 4 5 6 |  6.9
Stealth        | 4 |  4.5
Maces & Flails | 3 4 5 6 7 8 |  8.1
Spellcasting   | 1 2 3 4 5 6 |  6.0
Fighting       | 2 3 4 5 7 |  7.0
Axes           | 1 2 3 4 |  4.3
Throwing       | 1 |  1.0
Slings         | 1 3 5 6 |  6.3
Invocations    | 1 2 |  2.9

Action                   |  1- 3 |  4- 6 |  7- 9 | 10-12 || total
-------------------------+-------+-------+-------+-------++-------
Melee: Whip              |   167 |    68 |       |       ||   235
       War axe           |       |    17 |    39 |    84 ||   140
 Fire: Blowgun           |     6 |       |       |       ||     6
       Hunting sling     |       |       |   218 |    92 ||   310
Throw: Stone             |       |    42 |    11 |       ||    53
  Use: Potion            |     5 |       |       |     2 ||     7
       Scroll            |     2 |     1 |     2 |     1 ||     6
 Stab: Sleeping          |     9 |     2 |       |       ||    11
  Eat: Chunk             |     2 |     7 |    16 |     7 ||    32
       Ration            |     1 |       |     1 |       ||     2
Armor: Skin              |   117 |   103 |    86 |    59 ||   365
Dodge: Dodged            |   124 |    84 |    64 |    73 ||   345
Block: Other             |       |       |    19 |    38 ||    57
       Reflection        |       |       |       |     2 ||     2
